Unix NetHack Version 5.0.0-0 post-release - last build Jul 14 2026 02:55:29 (1809b74e8187c3a3585e283601c3028b46cbbdcb,branch:main).

Game began 2026-07-17 15:58:06, ended 2026-07-17 16:48:52.

Koku, neutral female gnomish Wizard

                                   -------
          --------              ###-.....|                             -------
          |......|              #  |.....|                             |.....|
          |......|              #  |.....|          #                  |.....|
         #......*|              #  |.....|      ----.-----------#######......|
         #|.^....-#            ##  --.----    ##...............|#      |.....|
         #|......|#           ##     #        # |..............-#      --.----
         #|......|#    -------#      #        # |..............|#       ##
         #--------#    |..<..|#      ###d     # |..............|#       #
         ####     #    |.....|#         #   ### ----------------#    ####
            #     #### |.....|#         @   #                   #    #
            #        # |.....|#       --d---#                   #    #
            #        # |.....-#       |..^..#                   ###  #
            #        ##.....:|        |.>..|                      # -|-----
            #          -------        |....|                      # |....d|
   ---------#                         |....|                      # |.....|
   |()**...|#                         ------                      # |.....|
   |?)*.=%.-#                                                     ##......|
   ---------                                                        -------

Koku the Thaumaturge      St:9 Dx:10 Co:15 In:19 Wi:13 Ch:13  Neutral
Dlvl:3  $:1646 HP:0(45) Pw:49(63) AC:6  Xp:6 T:4776  Overtaxed

Latest messages:
 The jackal bites!
 You cannot fight while so heavily loaded.
 The jackal bites!
 The jackal bites!
 The jackal bites!
 The jackal bites!
 The jackal just misses!
 The jackal bites!
 You are too hungry to cast that spell.
 You cannot fight while so heavily loaded.
 The jackal bites!
 The jackal bites!
 The jackal bites!
 You faint from lack of food.
 The jackal bites!
 The jackal bites!
 The jackal bites!
 The jackal bites!
 The jackal bites!
 The jackal bites!
 The jackal bites!
 The jackal bites!
 The jackal bites!
 You regain consciousness.
 Are you sure you want to pray? [yn] (n) y
 You begin praying to Thoth.
 You are surrounded by a shimmering light.
 The jackal starts to attack you, but pulls back.
 The jackal starts to attack you, but pulls back.
 The jackal starts to attack you, but pulls back.
 You finish your prayer.
 You feel that Thoth is well-pleased.
 Your stomach feels content.
 The jackal bites!
 You can hear again.
 The jackal bites!
 The jackal bites!
 You don't have enough stamina to move.
 The jackal bites!
 The jackal bites!
 The jackal misses!
 The jackal misses!
 The jackal bites!
 The jackal bites!
 You die...
 Do you want your possessions identified? [ynq] (y) y
 Do you want to see your attributes? [ynq] (y) y
 Do you want an account of creatures vanquished? [ynaq] (y) y
 Do you want to see your conduct and achievements? [ynq] (y) y
 Do you want to see the dungeon overview? [ynq] (y) y

Inventory:
 Coins    ('$')
  $ - 1646 gold pieces
 Amulets  ('"')
  p - a cursed amulet of magical breathing
 Weapons  (')')
  W - 3 +1 daggers (at the ready)
  a - a blessed +2 quarterstaff (weapon in hands)
 Armor    ('[')
  x - an uncursed +0 orcish helm (being worn)
  D - an uncursed +0 pair of elven boots (being worn)
  b - an uncursed +1 cloak of magic resistance (being worn)
 Comestibles  ('%')
  Y - 7 uncursed apples
 Scrolls  ('?')
  B - an uncursed scroll of blank paper
  J - a cursed scroll of blank paper
  k - an uncursed scroll of light
  s - an uncursed scroll of magic mapping
 Spellbooks  ('+')
  v - a cursed spellbook of detect monsters
  l - a blessed spellbook of force bolt
  A - an uncursed spellbook of light
  m - an uncursed spellbook of remove curse
 Potions  ('!')
  q - an uncursed potion of healing
  g - a blessed potion of levitation
  f - an uncursed potion of speed
 Rings    ('=')
  e - an uncursed ring of regeneration
  d - an uncursed ring of searching (on right hand)
 Wands    ('/')
  c - a wand of digging (0:8)
  y - a wand of digging (0:4)
  R - a wand of sleep (0:6)
 Tools    ('(')
  N - an empty uncursed bag of holding
  E - an uncursed broken chest containing 5 items
  M - a crystal ball (0:5)
  z - a cursed lock pick
  n - a magic marker (0:21)
  o - a cursed magic whistle
  j - an uncursed oil lamp
 Gems/Stones  ('*')
  L - 2 uncursed amethyst stones
  O - an uncursed worthless piece of green glass
  P - an uncursed worthless piece of white glass
  Z - a cursed worthless piece of yellowish brown glass
  K - 9 uncursed rocks

Contents of the chest:
  2 +0 daggers
  a blessed +0 aklys
  a +1 aklys
  a rustproof +0 axe
  an uncursed +0 elven mithril-coat

Koku the Wizard's attributes:

Background:
 You were a Thaumaturge, a level 6 female gnomish Wizard.
 You were neutral, on a mission for Thoth
 who was opposed by Ptah (lawful) and Anhur (chaotic).
 You were left-handed.
 You were in the Dungeons of Doom, on level 3.
 You entered the dungeon 4776 turns ago.
 There was a new moon in effect when your adventure ended.
 You had 346 experience points, 294 more were needed to attain level 7.

Basics:
 You had 0 out of 45 hit points.
 You had 49 out of 63 energy points (spell power).
 Your armor class was 6.
 Your wallet contained 1646 zorkmids.
 Autopickup was off.

Final Characteristics:
 Your strength was 9 (limit:18/50).
 Your dexterity was 10 (limit:18).
 Your constitution was 15 (limit:18).
 Your intelligence was 19 (limit:19).
 Your wisdom was 13 (limit:18).
 Your charisma was 13 (limit:18).

Final Status:
 You weren't hungry.
 You were overtaxed; movement was extremely slowed.
 You were wielding a quarterstaff.
 You had basic skill with quarterstaff.

Final Attributes:
 You were piously aligned.
 You were magic-protected.
 You were telepathic.
 You had automatic searching.
 You had infravision.
 You were stealthy.
 You were warded.
 You are dead.

Miscellaneous:
 You encountered 1 bones level.
 Total elapsed playing time was 49 minutes and 53 seconds.

Major events:
 Turn
    1: Koku the neutral female gnomish Wizard entered the dungeon
  459: attained the rank of Conjurer (level 3)
  780: entered the Gnomish Mines
 4144: attained the rank of Thaumaturge (level 6)
 4776: killed by a jackal

Spells:
 Name                 Level Category     Fail Retention
 force bolt             1   attack         0%  91%-100%
 light                  1   divination     0%  76%-100%
 remove curse           3   clerical      74%  76%-100%

Skills:
 Fighting Skills
   bare handed combat [Unskilled]
   riding             [Unskilled]
 Weapon Skills
   dagger             [Unskilled]
   knife              [Unskilled]
   axe                [Unskilled]
   short sword        [Unskilled]
   club               [Unskilled]
   mace               [Unskilled]
   quarterstaff       [Basic]
   polearms           [Unskilled]
   spear              [Unskilled]
   trident            [Unskilled]
   sling              [Unskilled]
   dart               [Unskilled]
   shuriken           [Unskilled]
 Spellcasting Skills
   attack spells      [Basic]
   healing spells     [Unskilled]
   divination spells  [Unskilled]
   enchantment spells [Basic]
   clerical spells    [Unskilled]
   escape spells      [Unskilled]
   matter spells      [Unskilled]

Voluntary challenges:
 Character rerolling was not enabled.
 You never genocided any monsters.
 You never polymorphed an object.
 You never changed form.
 You used no wishes.
Achievements:
 You attained the rank of Conjurer.
 You entered the Gnomish Mines.
 You entered a shop.
 You attained the rank of Thaumaturge.

 The Dungeons of Doom: levels 1 to 4
    Level 1:
       Many fountains.
    Level 2:
       A fountain.
       Stairs down to The Gnomish Mines.
    Level 3: <- You were here.
       A general store.
       Final resting place for
          you, killed by a jackal.
    Level 4:
       A fountain.
       Final resting place for
          brothers-Hea-Hum-Fem-Neu, killed by a brown mold,
          Langmuir-Kni-Hum-Mal-Law, killed by a gnome.
 The Gnomish Mines: levels 3 to 4
    Level 3: "rip, Tulip"
    Level 4:


Vanquished creatures:
  2 ghosts
  2 ponies
  a shrieker
  a straw golem
  4 floating eyes
  a kitten
  a dwarf
  2 homunculi
  a kobold leader
  a kobold shaman
  a rothe
  a rabid rat
  3 giant bats
  2 orc zombies
  a wererat
  2 iguanas
 an acid blob
  a coyote
  a gas spore
  3 hobbits
  5 hobgoblins
  2 giant rats
  2 cave spiders
  a brown mold
  2 yellow molds
  2 red molds
  8 gnomes
  5 garter snakes
  a gnome zombie
  a gecko
  2 jackals
  3 foxes
  a kobold
  4 goblins
  4 sewer rats
  2 grid bugs
  2 bats
  4 lichens
  5 newts
88 creatures vanquished.

No species were genocided or became extinct.

Game over:
                       ----------
                      /          \
                     /    REST    \
                    /      IN      \
                   /     PEACE      \
                  /                  \
                  |       Koku       |
                  |     1646 Au      |
                  |   killed by a    |
                  |      jackal      |
                  |                  |
                  |                  |
                  |       2026       |
                 *|     *  *  *      | *
        _________)/\\_//(\/(/\)/\//\/|_)_______

Goodbye Koku the Wizard...

You died in The Dungeons of Doom on dungeon level 3 with 3086 points,
and 1646 pieces of gold, after 4776 moves.
You were level 6 with a maximum of 45 hit points when you died.

